 Dungeon Crawl Stone Soup version bcrawl-1.41.1 (console) character file.

Game seed: 5248416563500699368

260029 Burana the Fighter (level 7, 49/62 HPs)
             Began as a Demonspawn Archaeologist on Apr 13, 2024.
             Quit the game on level 4 of the Dungeon on Apr 19, 2024.
             The game lasted 00:21:39 (3866 turns).

Burana the Fighter (Demonspawn Archaeologist)       Turns: 3866, Time: 00:21:39

Health: 49/62      AC: 11    Str: 14    XL:     7   Next: 99%
Magic:  8/8        EV:  9    Int: 15    God:
Gold:   220        SH:  9    Dex:  9    Spells: 6/6 levels left

rFire    . . .     GDR:     21% F - +0 mace
rCold    . . .     SeeInvis +   E - +0 buckler
rNeg     . . .     Gourm    .   l - +0 ring mail
rPois    .         Faith    .   d - +1 hat
rElec    +         Spirit   .   (no cloak)
rCorr    +         Reflect  .   n - +0 pair of gloves
MR       .....                  h - +3 pair of boots "Mare" {rCorr Dex-2 SInv Stlth+}
Stlth    +++.......             o - amulet of regeneration
HPRegen  0.44/turn              v - ring of insulation
MPRegen  0.11/turn              (no ring)

@: no status effects
A: horns 1, large bone plates 2, nightstalker 1
a: no special abilities


You were on level 4 of the Dungeon.
You were very hungry.

You visited 1 branch of the dungeon, and saw 4 of its levels.

You collected 220 gold pieces.

Inventory:

Hand Weapons
 a - a +0 whip
 b - a +0 hunting sling of velocity
 q - a +0 blowgun
 t - a +0 hunting sling
 F - a +0 mace (weapon)
Missiles
 f - a curare-tipped needle
 k - 621 stones
 A - 15 poisoned tomahawks (quivered)
 D - 99 poisoned needles
Armour
 c - a +1 robe
 d - a +1 hat (worn)
 h - the +3 pair of boots "Mare" (worn) {rCorr Dex-2 SInv Stlth+}
   (You acquired it on level 3 of the Dungeon)

   It affects your dexterity (-2).
   It lets you see invisible.
   It provides partial protection from all sources of acid and corrosion.
   It makes you more stealthy.
 l - a +0 ring mail (worn)
 n - a +0 pair of gloves (worn)
 p - a +1 pair of boots
 s - a +0 helmet
 E - a +0 buckler (worn)
Jewellery
 o - an amulet of regeneration (around neck)
 v - a ring of insulation (left hand)
 z - an uncursed amulet of guardian spirit {unknown}
Scrolls
 g - a scroll of revelation
 i - a scroll of teleportation
 m - 2 scrolls of remove curse
 y - a scroll of fear {unknown}
 B - a scroll of amnesia {unknown}
Potions
 j - 5 potions of curing
 r - a potion of mutation {unknown}
 u - a potion of invisibility
 w - 3 potions of flight
 x - a potion of heal wounds {unknown}
Comestibles
 e - 8 rations {!d}
 C - a chunk of flesh


   Skills:
 - Level 8.0 Fighting
 + Level 2.2 Maces & Flails
 - Level 3.0 Throwing
 - Level 3.0 Dodging
 - Level 3.0 Stealth
 + Level 0.0 Shields


You had 6 spell levels left.
You didn't know any spells.
Your spell library was empty.

Dungeon Overview and Level Annotations

Branches:
Dungeon (4/12)
 Temple: D:4-7

Altars:


Innate Abilities, Weirdness & Mutations

You have a pair of small horns on your head.
You are mostly covered in large bone plates. (SH +6)
You are slightly more attuned to the shadows.


Message History

Your Throwing skill increases to level 3!
You need to enable at least one skill for training.
Your Maces & Flails skill increases to level 2!
Some of the chunks of flesh in your inventory have rotted away.
You are feeling very hungry.
You see here a hound corpse.
You see here a mace.
You see here a mace.
F - a mace Wear which item? (? for menu, Esc to quit)
You start putting on your armour.
You finish putting on your +0 buckler.
Wear which item? (? for menu, Esc to quit)
Okay, then.
Wield which item (- for none, * to show all)? (? for menu, Esc to quit)
F - a +0 mace (weapon)
You swing at nothing.
Welcome back, Burana the Demonspawn Archaeologist.
Press m to set your skill training.
Press ? for a list of commands and other information.
Are you sure you want to abandon this character and quit the game? (Confirm with "yes".)

There were no monsters in sight!

Vanquished Creatures
  Sigmund (D:3)
  2 ogres (D:4)
  A phantom (D:4)
  A scorpion (D:4)
  A water moccasin skeleton (D:4)
  A howler monkey (D:4)
  An orc priest (D:4)
  A crimson imp (D:4)
  3 hounds (D:4)
  Jessica (D:3)
  An iguana (D:4)
  2 worker ants (D:4)
  Robin (D:2)
  4 gnolls (D:3)
  3 adders (D:3)
  An ooze (D:1)
  5 worms
  4 dart slugs
  5 leopard geckos
  6 orcs (D:4)
  A ball python (D:1)
  5 giant cockroaches
  11 goblins
  10 hobgoblins
  6 jackals
  7 kobolds
  A quokka (D:4)
  6 bats
  4 frilled lizards
  5 rats
101 creatures vanquished.

Notes
Turn   | Place    | Note
-------+----------+-------------------------------------------
     0 | D:1      | Burana the Demonspawn Archaeologist began the quest for the
                  | Orb.
     0 | D:1      | Reached XP level 1. HP: 15/15 MP: 2/2
   159 | D:1      | Reached skill level 1 in Maces & Flails
   437 | D:1      | Gained mutation: You are slightly more attuned to the
                  | shadows. [demonic ancestry]
   437 | D:1      | Reached XP level 2. HP: 18/21 MP: 3/3
   545 | D:1      | Reached skill level 2 in Fighting
   978 | D:1      | Reached XP level 3. HP: 28/28 MP: 4/4
  1430 | D:2      | Noticed Robin
  1510 | D:1      | Reached skill level 3 in Fighting
  1882 | D:2      | Killed Robin
  1953 | D:2      | Gained mutation: You are partially covered in large bone
                  | plates. (SH +4) [demonic ancestry]
  1953 | D:2      | Reached XP level 4. HP: 35/36 MP: 5/5
  2341 | D:3      | Noticed Sigmund
  2350 | D:3      | Killed Sigmund
  2351 | D:3      | Reached skill level 4 in Fighting
  2351 | D:3      | Reached skill level 5 in Fighting
  2351 | D:3      | Reached XP level 5. HP: 34/44 MP: 6/6
  2351 | D:3      | Identified a scroll of acquirement
  2375 | D:3      | Identified the +3 pair of boots "Mare" {rCorr Dex-2 SInv
                  | Stlth+} (You acquired it on level 3 of the Dungeon)
  2375 | D:3      | Identified the amulet of the Present {Reflect Int+2 SH+6}
                  | (You acquired it on level 3 of the Dungeon)
  2561 | D:3      | Gained mutation: You have a pair of small horns on your
                  | head. [demonic ancestry]
  2561 | D:3      | Reached XP level 6. HP: 52/52 MP: 7/7
  2570 | D:3      | Reached skill level 6 in Fighting
  2683 | D:3      | Noticed Jessica
  2690 | D:3      | Killed Jessica
  3263 | D:4      | Reached skill level 7 in Fighting
  3330 | D:4      | Gained mutation: You are mostly covered in large bone
                  | plates. (SH +6) [demonic ancestry]
  3330 | D:4      | Reached XP level 7. HP: 57/60 MP: 8/8
  3511 | D:4      | Reached skill level 8 in Fighting
  3664 | D:4      | Reached skill level 1 in Throwing
  3866 | D:4      | Quit the game

Skill      XL: |  1  2  3  4  5  6  7 |
---------------+----------------------+-----
Maces & Flails | 1 2 |  2.2
Dodging        | 3 |  3.0
Fighting       | 2 3 5 7 8 |  8.0
Throwing       | 3 |  3.0
Stealth        | |  3.0

Action                   |  1- 3 |  4- 6 |  7- 9 || total
-------------------------+-------+-------+-------++-------
Melee: Whip              |   228 |   138 |   150 ||   516
       Headbutt          |       |    12 |    16 ||    28
 Fire: Hunting sling     |    18 |    58 |    20 ||    96
       Blowgun           |       |     3 |     2 ||     5
Throw: Stone             |    11 |     2 |       ||    13
       Tomahawk          |       |       |    13 ||    13
  Use: Scroll            |       |     6 |       ||     6
 Stab: Sleeping          |     3 |       |       ||     3
  Eat: Chunk             |    11 |    10 |     6 ||    27
Armor: Ring mail         |   109 |    43 |    72 ||   224
       Robe              |     6 |       |       ||     6
Dodge: Dodged            |   139 |    80 |    75 ||   294
Block: Other             |       |    16 |    50 ||    66
